 Dungeon Crawl Stone Soup version 0.22-a0-346-ga714374 (webtiles) character file.

2669 grindst0ne the Schismatic (level 9, -13/73 HPs)
             Began as a Formicid Abyssal Knight on Apr 6, 2018.
             Was an Elder of Lugonu.
             Mangled by a two-headed ogre
             ... wielding a cursed -1 giant club
              (17 damage)
             ... on level 8 of the Dungeon.
             The game lasted 00:11:28 (8131 turns).

grindst0ne the Schismatic (Formicid Abyssal Knight) Turns: 8131, Time: 00:11:29

Health: -13/73     AC: 11    Str: 17    XL:     9   Next: 95%
Magic:  14/14      EV:  7    Int: 15    God:    Lugonu [****..]
Gold:   255        SH: 11    Dex: 10    Spells: 8/8 levels left

rFire    + . .     SeeInvis +   i - +3 scythe (flame)
rCold    . . .     Gourm    .   m - +2 buckler
rNeg     . . .     Faith    .   p - +0 chain mail
rPois    .         Spirit   .   (helmet unavailable)
rElec    .         Reflect  +   (no cloak)
rCorr    .         Harm     .   w - +0 pair of gloves
MR       .....                  (no boots)
Stlth    ..........             k - +4 amulet of reflection
HPRegen  0.00/turn              (no ring)
MPRegen  0.14/turn              (no ring)

@: no status effects
A: permanent stasis, dig shafts and tunnels, four strong arms, antennae 3, fire
resistance 1, inhibited regeneration
a: Dig, Shaft Self, Depart the Abyss, Bend Space, Banish, Corrupt, Renounce
Religion


You were on level 8 of the Dungeon.
You worshipped Lugonu.
Lugonu was greatly pleased with you.
You were not hungry.

You visited 1 branch of the dungeon, and saw 8 of its levels.
You visited the Abyss 1 time.

You collected 425 gold pieces.
You spent 170 gold pieces at shops.

Inventory:

Hand Weapons
 a - a +1 hand axe
 i - a +3 scythe of flaming (weapon)
 o - a +4 flail of crushing
Missiles
 y - a throwing net (quivered)
Armour
 b - a +0 leather armour
 e - a +0 ring mail
 m - a +2 buckler (worn)
 p - a +0 chain mail (worn)
 u - a +0 plate armour
 w - a +0 pair of gloves (worn)
Jewellery
 k - a +4 amulet of reflection (around neck)
 l - an uncursed ring of wizardry {unknown}
Wands
 t - a wand of acid (13)
 v - a wand of polymorph (9)
Scrolls
 d - a scroll of fog
 f - 2 scrolls of magic mapping
 g - 5 scrolls of identify
 h - 4 scrolls of amnesia
 j - 6 scrolls of remove curse
 n - a scroll of immolation
 q - 2 scrolls of enchant armour
 s - a scroll of enchant weapon
Potions
 r - 2 potions of resistance
 x - a potion of agility
 A - 2 potions of heal wounds
 B - 2 potions of flight
 C - a potion of brilliance {unknown}
Comestibles
 c - 8 rations
 z - a chunk of flesh


   Skills:
 + Level 7.7 Fighting
 - Level 2.0 Axes
 + Level 7.3 Armour
 - Level 0.8 Dodging
 + Level 6.9 Shields
 + Level 7.9 Invocations
 + Level 2.8 Evocations


You had 8 spell levels left.
You didn't know any spells.

Dungeon Overview and Level Annotations

Branches:
Dungeon (8/15)             Temple (0/1) D:7
   Lair: D:8-11

Altars:
Ashenzari
Cheibriados
Elyvilon
Fedhas
Hepliaklqana
Kikubaaqudgha
Nemelex Xobeh
Sif Muna
Uskayaw
Xom
Zin

Shops:
D:4 !


Innate Abilities, Weirdness & Mutations

You cannot be hasted, slowed, berserked, paralysed or teleported.
You can dig through walls and to a lower floor.
Your four strong arms can wield two-handed weapons with a shield.
You have a pair of large antennae on your head. (SInv)
Your flesh is heat resistant. (rF+)
You do not regenerate when monsters are visible.


Message History

You slash the two-headed ogre! You burn the two-headed ogre.
The two-headed ogre is heavily wounded.
The two-headed ogre barely misses you.
The two-headed ogre hits you with a giant club!!
You slash the two-headed ogre! You burn the two-headed ogre.
The two-headed ogre is severely wounded.
You block the two-headed ogre's attack.
The two-headed ogre hits you with a giant club! x2
You block the two-headed ogre's attack.
Your chain mail prevents you from hitting the two-headed ogre.
The two-headed ogre is severely wounded.
You block the two-headed ogre's attack.
The two-headed ogre hits you with a giant club.
* * * LOW HITPOINT WARNING * * *
You completely miss the two-headed ogre.
The two-headed ogre is severely wounded.
The two-headed ogre hits you with a giant club!
* * * LOW HITPOINT WARNING * * *
The two-headed ogre hits you with a giant club!
You die...

###.....##
........
#......#
#......#
#......#
#......######
#..O........#
#..@........
####..#####
#######..#
.........#
#######..#
#..######.
#.........
##.###...#
##########.#
.#


You could see a two-headed ogre.

Vanquished Creatures
  The ghost of soark the Gusty, a novice TeAE of Sif Muna (D:5)
  Sigmund (D:5)
  Eustachio (D:5)
  The ghost of Anon1729 the Digger, an amateur OpEE (D:3)
  A sky beast (D:6)
  An ogre (D:7)
  A phantom (D:5)
  3 centaurs
  A big kobold (D:8)
  2 bullfrogs
  4 scorpions
  A howler monkey (D:7)
  2 crimson imps
  2 hounds
  A jelly (D:6)
  A quasit (D:8)
  A bullfrog skeleton (D:7)
  2 orc priests
  A gnoll shaman (D:7)
  3 orc wizards
  A centaur skeleton (D:4)
  4 worker ants
  4 iguanas
  A killer bee zombie (D:7)
  2 hound skeletons (D:7)
  12 gnolls
  10 adders
  2 shadow imps
  An ooze (D:4)
  3 adder skeletons
  4 worms
  6 dart slugs
  4 leopard geckos
  8 orcs
  6 bats
  4 giant cockroaches
  4 goblins
  6 hobgoblins
  3 jackals (D:3)
  7 kobolds
  7 quokkas
  4 ball pythons
  7 frilled lizards
  A jackal zombie (D:6)
  A leopard gecko zombie (D:7)
  7 rats
150 creatures vanquished.

Notes
Turn   | Place    | Note
-------+----------+-------------------------------------------
     0 | Abyss:1  | grindst0ne the Formicid Abyssal Knight began the quest for the Orb.
     0 | Abyss:1  | Reached XP level 1. HP: 18/18 MP: 2/2
    57 | Abyss:1  | Noticed a raiju
    58 | D:1      | Escaped the Abyss
   132 | D:1      | Reached XP level 2. HP: 13/24 MP: 3/3
   228 | D:1      | Reached * piety under Lugonu
   258 | D:1      | Reached XP level 3. HP: 18/30 MP: 5/5
  1221 | D:2      | Reached XP level 4. HP: 19/37 MP: 6/6
  1391 | D:2      | Gained mutation: You do not regenerate when monsters are visible. [potion of mutation]
  1391 | D:2      | Gained mutation: Your flesh is heat resistant. (rF+) [potion of mutation]
  1414 | D:2      | HP: 2/55 [poisoned by a worker ant]
  2269 | D:2      | Found a snail-covered altar of Cheibriados.
  2372 | D:2      | Found a hazy altar of Hepliaklqana.
  2462 | D:3      | Reached XP level 5. HP: 42/42 MP: 7/7
  2499 | D:3      | Noticed Anon1729's ghost (amateur OpEE)
  2591 | D:3      | Killed Anon1729's ghost
  2591 | D:3      | Reached skill level 1 in Shields
  2591 | D:3      | Reached XP level 6. HP: 9/49 MP: 7/9
  2829 | D:3      | Reached ** piety under Lugonu
  3052 | D:3      | Found a shattered altar of Ashenzari.
  3057 | D:3      | HP: 1/50 [gnoll/flail of crushing (2)]
  3562 | D:3      | Found a blossoming altar of Fedhas.
  3991 | D:4      | Found a glowing silver altar of Zin.
  4132 | D:4      | Found Hileh's Distillery.
  4143 | D:4      | Bought a potion of agility for 40 gold pieces
  4143 | D:4      | Bought a potion of might for 40 gold pieces
  4143 | D:4      | Bought a potion of degeneration for 10 gold pieces
  4143 | D:4      | Bought a potion of heal wounds for 50 gold pieces
  4143 | D:4      | Bought a potion of flight for 30 gold pieces
  4188 | D:4      | Reached skill level 5 in Fighting
  4227 | D:4      | Reached XP level 7. HP: 42/56 MP: 10/10
  4396 | D:4      | Reached skill level 5 in Invocations
  4668 | D:4      | Found an ancient bone altar of Kikubaaqudgha.
  5163 | D:5      | Entered Level 5 of the Dungeon
  5272 | D:5      | Noticed Sigmund
  5280 | D:5      | Killed Sigmund
  5280 | D:5      | Reached skill level 5 in Armour
  5341 | D:5      | Reached XP level 8. HP: 64/64 MP: 12/12
  5381 | D:5      | Reached *** piety under Lugonu
  5652 | D:5      | Noticed soark's ghost (novice TeAE)
  5661 | D:5      | Killed soark's ghost
  5661 | D:5      | Reached skill level 5 in Shields
  5674 | D:5      | Noticed Eustachio
  5682 | D:5      | Killed Eustachio
  5682 | D:5      | Reached XP level 9. HP: 37/71 MP: 12/14
  6364 | D:6      | Reached skill level 1 in Evocations
  6848 | D:7      | Found a white marble altar of Elyvilon.
  6923 | D:7      | Found a sparkling altar of Nemelex Xobeh.
  6936 | D:7      | Found a staircase to the Ecumenical Temple.
  7208 | D:7      | Found a hide-covered altar of Uskayaw.
  7528 | D:7      | Reached **** piety under Lugonu
  7732 | D:7      | Found a deep blue altar of Sif Muna.
  7932 | D:7      | Found a shimmering altar of Xom.
  8125 | D:8      | Noticed a two-headed ogre
  8131 | D:8      | Mangled by a two-headed ogre

Vault maps used:
D:1:      wheals_arrival_shading, kennysheep_another_room
D:2:      old_standard_altar, cheibriados_altar_1
D:3:      cheibrodos_ashenzari_chains, first_ration, fedhas_altar_1
D:4:      kennysheep_mini, nicolae_overflow_crystal_walls, serial_shops,
          nicolae_shop_competitors_out_of_business, grunt_decor_arrowhead
D:5:      uniq_eustachio, uniq_sigmund
D:7:      eat_drink_and_be_merry_uskayaw, elyvilon_altar_4,
          nemelex_xobeh_ov_fountains_minmay, led_sif_pool,
          kennysheep_little_box, minmay_temple_entry_crystal_x,
          minmay_misc_feat_ornament
D:8:      marbit_many_paths
Abyss:1:  hangedman_elemental_corridor

Skill      XL: |  1  2  3  4  5  6  7  8  9 |
---------------+----------------------------+-----
Invocations    | 3 4 5 6 7 |  7.9
Armour         | 3 4 5 6 7 |  7.3
Fighting       | 4 5 6 7 |  7.7
Shields        | 1 2 3 5 6 |  6.9
Evocations     | 2 |  2.8
Axes           | |  2.0
Dodging        | |  0.8

Action                   |  1- 3 |  4- 6 |  7- 9 || total
-------------------------+-------+-------+-------++-------
Melee: Hand axe          |    94 |   132 |       ||   226
       Flail             |       |    48 |    36 ||    84
       Scythe            |       |       |   227 ||   227
Throw: Tomahawk          |       |     2 |       ||     2
Invok: Depart the Abyss  |     1 |       |       ||     1
 Abil: Dig               |       |     1 |     3 ||     4
Evoke: Wand              |       |       |     2 ||     2
  Use: Scroll            |     2 |     6 |     2 ||    10
       Potion            |     1 |     4 |     4 ||     9
  Eat: Chunk             |     1 |    10 |    10 ||    21
       Ration            |       |       |     1 ||     1
Armor: Leather armour    |    26 |       |       ||    26
       Ring mail         |     3 |    37 |    17 ||    57
       Chain mail        |       |       |   173 ||   173
Dodge: Dodged            |    73 |    76 |   136 ||   285
Block: Buckler           |       |    82 |   225 ||   307
       Other             |       |     1 |       ||     1
       Reflection        |       |     6 |     5 ||    11

Table legend:
 A = Spawn XP
 B = Non-spawn XP
 C = Spawn XP percentage of total XP
 D = Spawn monster count
 E = Non-spawn monster count
 F = Spawn count percentage of total count
 G = Total turns spent on level
                    A         B        C        D         E        F      G
               +---------+---------+-------+---------+---------+-------+---------
         Total |       0 |    3813 |   0.0 |       0 |     150 |   0.0 |  8131
               +---------+---------+-------+---------+---------+-------+---------
           D:1 |       0 |      45 |   0.0 |       0 |      23 |   0.0 |   990
           D:2 |       0 |      84 |   0.0 |       0 |      14 |   0.0 |  1742
           D:3 |       0 |     316 |   0.0 |       0 |      30 |   0.0 |  1152
           D:4 |       0 |     323 |   0.0 |       0 |      16 |   0.0 |  1221
           D:5 |       0 |    1372 |   0.0 |       0 |      25 |   0.0 |  1027
           D:6 |       0 |     464 |   0.0 |       0 |      11 |   0.0 |   613
           D:7 |       0 |     952 |   0.0 |       0 |      21 |   0.0 |  1159
           D:8 |       0 |     257 |   0.0 |       0 |      10 |   0.0 |   169
               +---------+---------+-------+---------+---------+-------+---------
